 Dungeon Crawl Stone Soup version 0.32-a0-768-g0f6f1dd4b9 (webtiles) character file.

Game seed: 2723814904884008477

34 javelincjr the Grasshopper (level 3, -1/28 HPs)
             Began as a Demonspawn Warper on Mar 18, 2024.
             Succumbed to a kobold's poison
             ... on level 1 of the Dungeon.
             The game lasted 00:02:39 (638 turns).

javelincjr the Grasshopper (Demonspawn Warper)       Turns: 638, Time: 00:02:40

Health: -1/28      AC:  4    Str: 13    XL:     3   Next: 14%
Magic:  6/6        EV: 10    Int: 15    God:
Gold:   10         SH:  0    Dex: 12    Spells: 6/6 levels left

rFire   . . .        a - +0 spear
rCold   . . .        (no shield)
rNeg    . . .        b - +0 leather armour
rPois   .            (no helmet)
rElec   .            (no cloak)
rCorr   .            i - +0 pair of gloves
SInv    .            (no boots)
Will    .....        (no amulet)
Stlth   +            (no ring)
HPRegen 0.24/turn    (no ring)
MPRegen 0.10/turn

%: no passive effects
@: lethally poisoned (-1 -> -8)
A: big brain 1
a: no special abilities


You were on level 1 of the Dungeon.
You visited 1 branch of the dungeon, and saw 2 of its levels.

You collected 10 gold pieces.

Inventory:

Hand Weapons
 a - a +0 spear (weapon)
 e - a +1 dagger of venom
Missiles
 d - 5 darts of dispersal (quivered)
 g - 3 boomerangs
Armour
 b - a +0 leather armour (worn)
 i - a +0 pair of gloves (worn)
Scrolls
 c - a scroll of blinking
 f - a scroll of fog {unknown}
 h - a scroll of amnesia {unknown}


   Skills:
 * Level 2.4 Fighting
 + Level 2.1 Polearms
 - Level 1.0 Throwing
 + Level 1.2 Armour
 + Level 2.0 Dodging
 + Level 2.2 Spellcasting
 + Level 2.8 Translocations


You had 6 spell levels left.
You didn't know any spells.
Your spell library contained the following spells:

 Spells                   Type           Power      Damage    Failure   Level
 Blink                    Tloc           20%        N/A       13%         2
 Lesser Beckoning         Tloc           20%        N/A       13%         2
 Teleport Other           Tloc           10%        N/A       26%         3
 Manifold Assault         Tloc           10%        N/A       63%         4
 Vhi's Electric Charge    Tloc/Air       10%        N/A       83%         4


Dungeon Overview and Level Annotations

Branches:
Dungeon (2/15)

Altars:


Innate Abilities, Weirdness & Mutations

You have an unusually large brain. (Int +2)


Message History

You hit the endoplasm.
You kill the endoplasm!
You start resting.
HP restored.
Found a stone staircase leading down.
Found a murky golden potion.
There is a stone staircase leading up here.
You climb upwards.
The kobold hits you with a +1 dagger of venom. x2
There is a stone staircase leading down, spattered with blood here.
You hit the kobold but do no damage.
The kobold hits you with a +1 dagger of venom.
You are poisoned.
You closely miss the kobold.
You feel sick. The kobold hits you but does no damage.
You are more poisoned.
You hit the kobold.
The kobold is severely wounded.
You feel very sick. The kobold hits you but does no damage.
You are lethally poisoned!
You closely miss the kobold.
The kobold is severely wounded.
You feel very sick. The kobold closely misses you.
You hit the kobold.
You kill the kobold!
* * * LOW HITPOINT WARNING * * *
You feel very sick.
* * * LOW HITPOINT WARNING * * *
You feel very sick.
You see here a +1 dagger of venom.
e - a +1 dagger of venom
* * * LOW HITPOINT WARNING * * *
You feel sick.
There is a lethal amount of poison in your body!
There is a lethal amount of poison in your body!
* * * LOW HITPOINT WARNING * * *
You feel sick.
You die...

..♣ ♣♣.##
##.................♣ #.♣
♣♣..#
#..............<...♣ ..♣♣
♣...#
#.......P..........♣
#..♣♣♣♣♣...#
#..####.P♣♣.........
#.........## #..#
♣..♣♣........♣
.....####.# #..#
♣.♣♣♣♣.♣♣♣♣.♣♣ ######
#.####.### P..♣P...♣♣P.PP
#.##....>#♣.^.♣..^.♣♣.^..
#.##.###@#♣~~ ♣♣~~~♣♣~~~♣
#.†>.# #.# ♣P~~♣♣~~P♣
#..#.###.# ♣♣ß♣♣♣♣ß♣♣
#........## ♣♣♣ ♣♣♣
##.##.....######### #
#.###............#.## #.#
#.......K......>. #.#
#.#.#####...##.# #.#
#.#.####.....#.##


There were no monsters in sight!

Vanquished Creatures
  A gnoll (D:1)
  5 ball pythons (D:1)
  A bat (D:1)
  4 endoplasms
  3 giant cockroaches (D:1)
  A goblin (D:1)
  A hobgoblin (D:1)
  A frilled lizard (D:1)
  2 kobolds (D:1)
  3 rats (D:1)
22 creatures vanquished.

Notes
Turn   | Place    | Note
-------+----------+-------------------------------------------
     0 | D:1      | javelincjr the Demonspawn Warper began the quest for the
                  | Orb.
     0 | D:1      | Reached XP level 1. HP: 16/16 MP: 3/3
    61 | D:1      | Reached skill level 1 in Throwing
    61 | D:1      | Reached skill level 1 in Armour
   137 | D:1      | Gained mutation: You have an unusually large brain. (Int
                  | +2) [demonic ancestry]
   137 | D:1      | Reached XP level 2. HP: 19/22 MP: 5/5
   359 | D:1      | Reached XP level 3. HP: 20/28 MP: 6/6
   637 | D:1      | HP: 1/28 [poisoned by a kobold]
   638 | D:1      | Succumbed to a kobold's poison

Illustrated notes

Levels and vault maps discovered:
D:1:      psy_arrival_wood_between_worlds, layout_loops_ring, nrook_campfire
D:2:      minmay_thinvault, layout_basic,
          hellmonk_ecumenical_altar_inner_sanctum, minmay_ruptured

Skill      XL: |  1  2 |
---------------+-------+-----
Throwing       | 1 |  1.0
Armour         | 1 |  1.2
Polearms       | 2 |  2.1
Dodging        | 2 |  2.0
Fighting       | |  2.4
Spellcasting   | |  2.2
Translocations | |  2.8

Action                     || total
---------------------------++-------
  Melee: Spear             ||    85
  Throw: Dart              ||     2
    Use: Potion            ||     1
 Armour: Leather armour    ||    50
  Dodge: Dodged            ||    46

Table legend: (Time is in decaauts)
 A = Elapsed time spent in this place.
 B = Non-inter-level travel time spent in this place.
 C = Inter-level travel time spent in this place.
 D = Time resting spent in this place.
 E = Time spent auto-exploring this place.
 F = Levels seen in this place.
 G = Mean time per level.
                   A        B        C        D        E       F      G
               +--------+--------+--------+--------+--------+-----+--------+
         Total |    638 |    638 |      0 |     57 |    354 |   2 |  319.0 |
       Dungeon |    638 |    638 |      0 |     57 |    354 |   2 |  319.0 |
               +--------+--------+--------+--------+--------+-----+--------+

Top non-repeatable levels by time:
     D:1: 528 daAuts
     D:2: 109 daAuts
